cohdb
Replays
Latest Replays
All Replays
Popular Replays
Top Player Replays
Match Explorer
How It Works
Community
CoH3 Stats
Reddit
Sign in to upload your games and track your stats! →
Sign in with Steam
Match 45952928
Unlisted
Match 45952928
Overview
Messages
Build Orders
End
Construct Infanterie Kompanie
MG 42 Machine Gun Team
Selects Italian Coastal Battlegroup
Selects Coastal Reserves
Coastal Reserve
Coastal Reserve
Selects Artillery Officer
Artillery Officer
Construct Panzergrenadier Kompanie
GrW 34 Mortar Team
Medical Bunker
Pak 40 Anti-tank Gun Team
Selects Support Bunkers
Artillery Officer
Support Elements
Nebelwerfer 42 Rocket Launcher Team
Selects Designated Artillery Overwatch
MG 42 Bunker
Anti-tank Bunker
Anti-tank Bunker
Nebelwerfer 42 Rocket Launcher Team
Designated Artillery Overwatch
Selects Coastal Wall
Construct Panzer Kompanie
MG 42 Bunker
Panzer IV Medium Tank
Selects Bulwark
Panzer IV Medium Tank
Stoßtruppen Squad
Designated Artillery Overwatch
Artillery Officer
Pioneer Squad
Sturmpanzer IV Brummbär
Pioneer Squad
Medical Station
gorka_morka_
しばる
GenghisKant
Kirill_zel
Ghost
shanxz
CPU - VERY EASY
jnowicki094
0
0
Comments
sign in to comment!
No comments posted yet!